 Dungeon Crawl Stone Soup version 0.25-a0-578-gc91f01c39c (webtiles) character file.

Game seed: 12337618592448582211, levelgen mode: deterministic

5 Gargoyl the Skirmisher (level 1, -1/19 HPs)
             Began as a Centaur Abyssal Knight on Mar 4, 2020.
             Was a Follower of Lugonu.
             Killed from afar by a white imp (9 damage)
             ... with a puff of frost
             ... on level 2 of the Abyss.
             The game lasted 00:00:46 (208 turns).

Gargoyl the Skirmisher (Centaur Abyssal Knight)      Turns: 208, Time: 00:00:47

Health: -1/19      AC:  8    Str: 14    XL:     1   Next: 66%
Magic:  2/2        EV:  1    Int: 11    God:    Lugonu [*.....]
Gold:   38         SH:  0    Dex:  8    Spells: 0/0 levels left

rFire    . . .     SeeInvis .   e - +4 great sword
rCold    . . .     Gourm    .   (shield currently unavailable)
rNeg     . . .     Faith    .   d - +0 plate armour
rPois    .         Spirit   .   (no helmet)
rElec    .         Reflect  .   (no cloak)
rCorr    .         Harm     .   (no gloves)
MR       .....                  (no barding)
Stlth    ..........             (no amulet)
HPRegen  0.06/turn              (no ring)
MPRegen  0.08/turn              (no ring)

@: very quick
A: large, hooves 3, deformed body, speed 2, tough skin 3
a: Depart the Abyss, Renounce Religion


You were on level 2 of the Abyss.
You worshipped Lugonu.
Lugonu was aware of your devotion.
You were not hungry.

You visited 0 branches of the dungeon, and saw 0 of its levels.
You visited the Abyss 1 time.

You collected 38 gold pieces.

Inventory:

Hand Weapons
 a - a +1 hand axe
 e - a +4 great sword (weapon)
Armour
 b - a +0 leather armour
 d - a +0 plate armour (worn)
Wands
 g - a wand of digging (5)
Scrolls
 f - a scroll of amnesia {unknown}
Comestibles
 c - a ration


   Skills:
 + Level 3.2 Fighting
 + Level 1.8 Axes
 + Level 1.4 Armour
 + Level 0.6 Dodging
 + Level 2.0 Invocations


You couldn't memorise any spells.
You didn't know any spells.
Your spell library was empty.

Dungeon Overview and Level Annotations

Branches:
Dungeon (0/15)

Altars:


Innate Abilities, Weirdness & Mutations

You have hooves in place of feet.
Armour fits poorly on your strangely shaped body.
You cover ground very quickly.
You have extremely tough skin. (AC +3)


Message History

The white imp shouts, "Scamper away, thou twisted elf-skinned hack!"
Found a scale mail.
Found 38 gold pieces.
Found a black potion.
You now have 38 gold pieces.
You start removing your armour.
You continue taking off your +0 leather armour. x4
You finish taking off your +0 leather armour.
You start putting on your armour.
You continue putting on your plate armour. x5
You finish putting on your +0 plate armour.
Okay, then.
The white imp gestures at you. The puff of frost hits you!
Ouch! That really hurt!
The white imp shouts, "Get thee gone, thou grime-gilt two-tin-hat pot-faker!"
You closely miss the white imp. The white imp gestures at you.
The puff of frost hits you!
You die...

..# .#. ..###
#.. #... ..#
#.# .. ..#
#.#......#..#
#...###.....##
.#....##.##.# .
.
.##.#.#..#.#.#.
# ...#...
##@#[...... #
#...#
#.5.#.#...# #..
...##..#!# . ##
###
#.....#...#...
.§ 5 ...
####..# ....
§.#. .#.#. #
.... #.# #.....
..#. .. .# #. .
.# ..## .# ##.
. .## ##.. ..#
.#.#.


You could see a white imp.

Vanquished Creatures
  An ufetubus (Abyss:1)
1 creature vanquished.

Notes
Turn   | Place    | Note
-------+----------+-------------------------------------------
     0 | Abyss:1  | Gargoyl the Centaur Abyssal Knight began the quest for the
                  | Orb.
     0 | Abyss:1  | Reached XP level 1. HP: 19/19 MP: 2/2
    75 | Abyss:1  | Noticed a large abomination
   101 | Abyss:1  | Noticed a spatial vortex
   108 | Abyss:1  | Noticed a spatial vortex
   109 | Abyss:1  | Noticed a spatial vortex
   110 | Abyss:1  | Noticed a spatial vortex
   112 | Abyss:1  | Noticed a smoke demon
   112 | Abyss:1  | Noticed a spatial vortex
   112 | Abyss:1  | Noticed a spatial maelstrom
   116 | Abyss:1  | Noticed a spatial vortex
   117 | Abyss:1  | Noticed a spatial vortex
   118 | Abyss:1  | Noticed a spatial vortex
   121 | Abyss:1  | Found a corrupted altar of Lugonu.
   122 | Abyss:1  | Noticed a spatial vortex
   122 | Abyss:1  | Noticed a spatial vortex
   123 | Abyss:1  | Noticed a spatial vortex
   208 | Abyss:2  | Killed from afar by a white imp

Levels and vault maps discovered:
Abyss:2:  evilmike_abyss_exit_mutagenic

Action                   || total
-------------------------++-------
Melee: Hand axe          ||     3
       Great sword       ||     1
       Kick              ||     1
Armor: Leather armour    ||     3
Dodge: Dodged            ||     3

Table legend:
 A = Non-vault XP
 B = Vault XP
 C = Vault XP percentage of total XP
 D = Non-vault monster count
 E = Vault monster count
 F = Vault count percentage of total count
                 A         B        C        D         E       F
            +---------+---------+-------+---------+---------+-------
      Total |       8 |       0 |   0.0 |       1 |       0 |   0.0
            +---------+---------+-------+---------+---------+-------
    Abyss:1 |       8 |       0 |   0.0 |       1 |       0 |   0.0
            +---------+---------+-------+---------+---------+-------
